TOP OF THE 1ST |
Chicago (APP) Cubs batting - Pitching for Philadelphia (APP) Phillies : LHP Chad Mroczkowski
|
Pitching: LHP Chad Mroczkowski
|
|
Batting: RHB Randy Schmitt
|
0-0: Foul Ball, location: 2F 0-1: Fly out, F3 (Popup, 3SF, EV 82.5 MPH)
|
Batting: RHB Jose Sanchez
|
0-0: Called Strike 0-1: Foul Ball, location: 2F 0-2: Strikes out swinging
|
Batting: RHB Eddy Marcos
|
0-0: Called Strike 0-1: Foul Ball, location: 2F 0-2: Ground out 5-3 (Groundball, 56, EV 108.8 MPH)
|
Top of the 1st over - 0 runs, 0 hits, 0 errors, 0 left on base; Chicago (APP) 0 - Philadelphia (APP) 0 |
BOTTOM OF THE 1ST |
Philadelphia (APP) Phillies batting - Pitching for Chicago (APP) Cubs : RHP Jake Newman
|
Pitching: RHP Jake Newman
|
|
Batting: LHB Jonathan Roman
|
0-0: Ball 1-0: Ground out 6-3 (Groundball, 56, EV 85.6 MPH)
|
Batting: RHB Vaclav Been
|
0-0: Swinging Strike 0-1: Swinging Strike 0-2: Ball 1-2: Strikes out swinging
|
Batting: SHB Marco de Leon
|
0-0: Foul Ball, location: 2F 0-1: Ball 1-1: Ball 2-1: Foul Ball, location: 2F 2-2: SOLO HOME RUN (Flyball, 9LD, EV 94.4 MPH), Distance : 354 ft
|
Batting: RHB Mike Bell
|
0-0: Ball 1-0: Ball 2-0: Called Strike 2-1: Swinging Strike 2-2: Ball 3-2: Base on Balls
|
Batting: RHB Danny Habermehl
|
0-0: Ball 1-0: Called Strike 1-1: Swinging Strike 1-2: Ball 2-2: Reached on error, E9 (Line Drive, 9, EV 91.2 MPH) Mike Bell to third
|
Pitching: RHP Rob Craft
|
|
Batting: LHB Matt Urbanek
|
0-0: Ball 1-0: Swinging Strike 1-1: Ball 2-1: SINGLE (Groundball, 56D, EV 101.2 MPH) Mike Bell scores Danny Habermehl to third Runner from 3rd tries for Home, SAFE, throw by LF to home Matt Urbanek to second
|
Batting: RHB Gary Sampson
|
0-0: Ball 1-0: Foul Ball, location: 2F 1-1: Ball 2-1: Swinging Strike 2-2: Ball 3-2: Fly out, F3 (Line Drive, 3, EV 74.4 MPH)
|
Bottom of the 1st over - 3 runs, 2 hits, 1 error, 1 left on base; Chicago (APP) 0 - Philadelphia (APP) 3 |
TOP OF THE 2ND |
Chicago (APP) Cubs batting - Pitching for Philadelphia (APP) Phillies : LHP Chad Mroczkowski
|
Batting: RHB Carlos Zavala
|
0-0: Ground out 5-3 (Groundball, 56, EV 110.6 MPH)
|
Batting: RHB Dustin Buckner
|
0-0: Called Strike 0-1: SINGLE (Groundball, 6MD, EV 105.0 MPH)
|
Batting: RHB Dwight Bean
|
0-0: Ball 1-0: Foul Ball, location: 2F 1-1: Foul Ball, location: 2F 1-2: Strikes out looking
|
Batting: RHB Josh MacQueen
|
0-0: Called Strike 0-1: Called Strike 0-2: Ball 1-2: Strikes out swinging
|
Top of the 2nd over - 0 runs, 1 hit, 0 errors, 1 left on base; Chicago (APP) 0 - Philadelphia (APP) 3 |
BOTTOM OF THE 2ND |
Philadelphia (APP) Phillies batting - Pitching for Chicago (APP) Cubs : RHP Rob Craft
|
Batting: RHB Juan Valadez
|
0-0: Ball 1-0: Swinging Strike 1-1: Ball 2-1: TRIPLE (Flyball, 8LXD, EV 94.4 MPH)
|
Batting: RHB Allen Deschamps
|
0-0: Called Strike 0-1: Reached on error, E4 (Groundball, 4, EV 90.6 MPH) Juan Valadez scores
|
Batting: LHB Jonathan Roman
|
0-0: Ball 1-0: Reached on error, E5 (Groundball, 56S, EV 77.5 MPH) Allen Deschamps to third
|
Pitching: LHP Eddie Panagos
|
|
Batting: RHB Vaclav Been
|
0-0: Ball 1-0: Called Strike 1-1: Foul Ball, location: 2F 1-2: Reached on error, E6 (Line Drive, 6, EV 68.8 MPH) Allen Deschamps scores Jonathan Roman to second
|
Batting: SHB Marco de Leon
|
0-0: Called Strike 0-1: Swinging Strike 0-2: Foul Ball, location: 2F 0-2: Ball Wild Pitch! Jonathan Roman to third Vaclav Been to second 1-2: Foul Ball, location: 2F 1-2: Ball 2-2: Ground out 6-3 (Groundball, 6, EV 85.0 MPH) Jonathan Roman scores
|
Batting: RHB Mike Bell
|
0-0: Ball 1-0: Ball 2-0: Ball 3-0: Called Strike 3-1: Foul Ball, location: 2F 3-2: Fly out, F9 (Flyball, 89D, EV 93.1 MPH) Runner from 2nd tags up, SAFE at 3rd, no throw by RF
|
Batting: RHB Danny Habermehl
|
0-0: Ball 1-0: Ball 2-0: Ball 3-0: Base on Balls
|
Batting: LHB Matt Urbanek
|
0-0: Ball 1-0: Ball 2-0: Called Strike 2-1: Ball 3-1: Called Strike 3-2: Strikes out swinging
|
Bottom of the 2nd over - 3 runs, 1 hit, 3 errors, 2 left on base; Chicago (APP) 0 - Philadelphia (APP) 6 |
TOP OF THE 3RD |
Chicago (APP) Cubs batting - Pitching for Philadelphia (APP) Phillies : LHP Chad Mroczkowski
|
Batting: SHB Anastagio Fasola
|
0-0: Foul Ball, location: 2F 0-1: Foul Ball, location: 2F 0-2: Foul Ball, location: 2F 0-2: Fly out, F3 (Popup, 3SF, EV 84.4 MPH)
|
Batting: LHB Ryan Masterson
|
0-0: Ball 1-0: Called Strike 1-1: Ball 2-1: Called Strike 2-2: Ball 3-2: Foul Ball, location: 2F 3-2: Foul Ball, location: 2F 3-2: Strikes out swinging
|
Batting: RHB Randy Schmitt
|
0-0: Ball 1-0: Ball 2-0: Ball 3-0: Called Strike 3-1: Fly out, F8 (Flyball, 8LD, EV 102.5 MPH)
|
Top of the 3rd over - 0 runs, 0 hits, 0 errors, 0 left on base; Chicago (APP) 0 - Philadelphia (APP) 6 |
BOTTOM OF THE 3RD |
Philadelphia (APP) Phillies batting - Pitching for Chicago (APP) Cubs : LHP Eddie Panagos
|
Batting: RHB Gary Sampson
|
0-0: Ball 1-0: SOLO HOME RUN (Flyball, 9D, EV 96.9 MPH), Distance : 362 ft
|
Batting: RHB Juan Valadez
|
0-0: Fly out, F7 (Flyball, 7LM, EV 87.5 MPH)
|
Batting: RHB Allen Deschamps
|
0-0: Ball 1-0: Swinging Strike 1-1: Ground out 6-3 (Groundball, 6MD, EV 89.4 MPH)
|
Batting: LHB Jonathan Roman
|
0-0: Ball 1-0: Called Strike 1-1: Ball 2-1: Ball 3-1: Base on Balls
|
Batting: RHB Vaclav Been
|
0-0: Foul Ball, location: 2F 0-1: Ball 1-1: Ball 2-1: Ball 3-1: Called Strike 3-2: Foul Ball, location: 2F 3-2: Base on Balls Jonathan Roman to second
|
Batting: SHB Marco de Leon
|
0-0: Foul Ball, location: 2F 0-1: Ball 1-1: Ball 2-1: Ball 3-1: Base on Balls Jonathan Roman to third Vaclav Been to second
|
Batting: RHB Mike Bell
|
0-0: Ball 1-0: Ball 2-0: Ball 3-0: Called Strike 3-1: Base on Balls Jonathan Roman scores Vaclav Been to third Marco de Leon to second
|
Batting: RHB Danny Habermehl
|
0-0: Ball 1-0: Called Strike 1-1: Ball 2-1: Swinging Strike 2-2: Ball 3-2: Base on Balls Vaclav Been scores Marco de Leon to third Mike Bell to second
|
Batting: LHB Matt Urbanek
|
0-0: Ball 1-0: Foul Ball, location: 2F 1-1: Called Strike 1-2: Strikes out swinging
|
Bottom of the 3rd over - 3 runs, 1 hit, 0 errors, 3 left on base; Chicago (APP) 0 - Philadelphia (APP) 9 |
TOP OF THE 4TH |
Chicago (APP) Cubs batting - Pitching for Philadelphia (APP) Phillies : LHP Chad Mroczkowski
|
Batting: RHB Jose Sanchez
|
0-0: Ball 1-0: Called Strike 1-1: Called Strike 1-2: Fly out, F6 (Line Drive, 6, EV 70.6 MPH)
|
Batting: RHB Eddy Marcos
|
0-0: Ball 1-0: Ball 2-0: Fly out, F7 (Flyball, 7, EV 93.1 MPH)
|
Batting: RHB Carlos Zavala
|
0-0: Called Strike 0-1: Ball 1-1: Swinging Strike 1-2: Foul Ball, location: 2F 1-2: Strikes out swinging
|
Top of the 4th over - 0 runs, 0 hits, 0 errors, 0 left on base; Chicago (APP) 0 - Philadelphia (APP) 9 |
BOTTOM OF THE 4TH |
Philadelphia (APP) Phillies batting - Pitching for Chicago (APP) Cubs : LHP Eddie Panagos
|
Batting: RHB Gary Sampson
|
0-0: Ball 1-0: Swinging Strike 1-1: Ball 2-1: Ball 3-1: Base on Balls
|
Batting: RHB Juan Valadez
|
0-0: Fielders Choice at 2nd, 5-4 (Groundball, 5, EV 91.2 MPH)
|
Batting: RHB Allen Deschamps
|
0-0: Called Strike 0-1: Ball 1-1: 2-RUN HOME RUN (Line Drive, 7LD, EV 98.8 MPH), Distance : 357 ft
|
Batting: LHB Jonathan Roman
|
0-0: Ball 1-0: Ball 2-0: Swinging Strike 2-1: Ball 3-1: Foul Ball, location: 2F 3-2: Foul Ball, location: 2F 3-2: Foul Ball, location: 2F 3-2: Base on Balls
|
Batting: RHB Vaclav Been
|
0-0: Ball 1-0: Called Strike 1-1: Ball Passed Ball! Jonathan Roman to second 2-1: Swinging Strike 2-2: Ball 3-2: Base on Balls
|
Batting: SHB Marco de Leon
|
0-0: Ball 1-0: Called Strike 1-1: Ball Passed Ball! Jonathan Roman to third Vaclav Been to second 2-1: Ball 3-1: 3-RUN HOME RUN (Flyball, 89XD, EV 104.4 MPH), Distance : 414 ft
|
Batting: RHB Mike Bell
|
0-0: Called Strike 0-1: Swinging Strike 0-2: Ball 1-2: Strikes out swinging
|
Batting: RHB Danny Habermehl
|
0-0: SINGLE (Groundball, 6MD, EV 104.4 MPH)
|
Batting: LHB Matt Urbanek
|
0-0: Ball 1-0: Ball 2-0: Ball 3-0: Foul Ball, location: 2F 3-1: Base on Balls Danny Habermehl to second
|
Batting: RHB Gary Sampson
|
0-0: Swinging Strike 0-1: Swinging Strike 0-2: Ball 1-2: Ball 2-2: Foul Ball, location: 2F 2-2: Strikes out swinging
|
Bottom of the 4th over - 5 runs, 3 hits, 0 errors, 2 left on base; Chicago (APP) 0 - Philadelphia (APP) 14 |
TOP OF THE 5TH |
Chicago (APP) Cubs batting - Pitching for Philadelphia (APP) Phillies : LHP Chad Mroczkowski
|
Batting: RHB Dustin Buckner
|
0-0: Ball 1-0: Ball 2-0: Called Strike 2-1: Foul Ball, location: 2F 2-2: SINGLE (Groundball, 6MD, EV 95.0 MPH)
|
Batting: RHB Dwight Bean
|
0-0: Foul Ball, location: 2F 0-1: Ball 1-1: Foul Ball, location: 2F 1-2: Ground out 5-3 (Groundball, 5L, EV 103.1 MPH) Dustin Buckner to second
|
Batting: RHB Josh MacQueen
|
0-0: Called Strike 0-1: Swinging Strike 0-2: Ball 1-2: Ball 2-2: Foul Ball, location: 2F 2-2: Ball 3-2: Strikes out swinging
|
Batting: SHB Anastagio Fasola
|
0-0: Called Strike 0-1: Foul Ball, location: 2F 0-2: Ground out 4-3 (Groundball, 4, EV 108.1 MPH)
|
Top of the 5th over - 0 runs, 1 hit, 0 errors, 1 left on base; Chicago (APP) 0 - Philadelphia (APP) 14 |
BOTTOM OF THE 5TH |
Philadelphia (APP) Phillies batting - Pitching for Chicago (APP) Cubs : LHP Eddie Panagos
|
Batting: RHB Juan Valadez
|
0-0: Swinging Strike 0-1: Fly out, F1 (Popup, P, EV 89.4 MPH)
|
Batting: RHB Allen Deschamps
|
0-0: Ball 1-0: Called Strike 1-1: Swinging Strike 1-2: Foul Ball, location: 2F 1-2: Ball 2-2: Ball 3-2: Base on Balls
|
Batting: LHB Jonathan Roman
|
0-0: Reached on error, E6 (Groundball, 6, EV 107.5 MPH) Allen Deschamps to second
|
Batting: RHB Vaclav Been
|
0-0: Ball 1-0: Ball 2-0: Ball 3-0: Called Strike 3-1: Base on Balls Allen Deschamps to third Jonathan Roman to second
|
Batting: SHB Marco de Leon
|
0-0: Ball 1-0: Foul Ball, location: 2F 1-1: Ball 2-1: Called Strike 2-2: Ball Wild Pitch! Allen Deschamps scores Jonathan Roman to third Vaclav Been to second 3-2: Ground out 1-3 (Groundball, 25, EV 74.4 MPH)
|
Batting: RHB Mike Bell
|
0-0: Called Strike 0-1: SINGLE (Flyball, 9S, EV 89.4 MPH) Jonathan Roman scores Vaclav Been to third Runner from 3rd tries for Home, SAFE, throw by RF to home
|
Batting: RHB Danny Habermehl
|
0-0: DOUBLE (Flyball, 89D, EV 101.9 MPH) Mike Bell to third Runner from 3rd tries for Home, SAFE, throw by RF to trailing runner, SAFE at third!
|
Batting: LHB Matt Urbanek
|
0-0: Called Strike 0-1: Ball 1-1: SINGLE (Groundball, 6M, EV 92.5 MPH) (infield hit) Danny Habermehl scores
|
Batting: RHB Gary Sampson
|
0-0: Called Strike 0-1: Foul Ball, location: 2F 0-2: Ball 1-2: Ball 2-2: Foul Ball, location: 2F 2-2: Foul Ball, location: 2F 2-2: Strikes out swinging
|
Bottom of the 5th over - 5 runs, 3 hits, 1 error, 1 left on base; Chicago (APP) 0 - Philadelphia (APP) 19 |
TOP OF THE 6TH |
Chicago (APP) Cubs batting - Pitching for Philadelphia (APP) Phillies : LHP Chad Mroczkowski
|
Batting: LHB Ryan Masterson
|
0-0: Fly out, F7 (Line Drive, 7, EV 90.6 MPH)
|
Batting: RHB Randy Schmitt
|
0-0: Ball 1-0: Foul Ball, location: 2F 1-1: Fly out, F9 (Flyball, 9, EV 88.8 MPH)
|
Batting: RHB Jose Sanchez
|
0-0: Ball 1-0: Swinging Strike 1-1: Fly out, F3 (Popup, 3SF, EV 70.6 MPH)
|
Top of the 6th over - 0 runs, 0 hits, 0 errors, 0 left on base; Chicago (APP) 0 - Philadelphia (APP) 19 |
BOTTOM OF THE 6TH |
Philadelphia (APP) Phillies batting - Pitching for Chicago (APP) Cubs : LHP Eddie Panagos
|
Batting: RHB Juan Valadez
|
0-0: SOLO HOME RUN (Flyball, 89XD, EV 107.5 MPH), Distance : 412 ft
|
Batting: RHB Allen Deschamps
|
0-0: Ground out 6-3 (Groundball, 56, EV 80.0 MPH)
|
Batting: LHB Jonathan Roman
|
0-0: Swinging Strike 0-1: Fly out, F8 (Flyball, 8LXD, EV 100.0 MPH)
|
Batting: RHB Vaclav Been
|
0-0: SINGLE (Flyball, 89M, EV 89.4 MPH)
|
Batting: SHB Marco de Leon
|
0-0: Called Strike 0-1: Called Strike 0-2: Strikes out swinging
|
Bottom of the 6th over - 1 run, 2 hits, 0 errors, 1 left on base; Chicago (APP) 0 - Philadelphia (APP) 20 |
TOP OF THE 7TH |
Chicago (APP) Cubs batting - Pitching for Philadelphia (APP) Phillies : LHP Chad Mroczkowski
|
Batting: RHB Eddy Marcos
|
0-0: Called Strike 0-1: Ball 1-1: Foul Ball, location: 2F 1-2: Strikes out swinging
|
Batting: RHB Carlos Zavala
|
0-0: Swinging Strike 0-1: Ball 1-1: Ball 2-1: Ground out 4-3 (Groundball, 4S, EV 71.9 MPH)
|
Batting: RHB Dustin Buckner
|
0-0: Called Strike 0-1: Fly out, F6 (Line Drive, 6, EV 71.9 MPH)
|
Top of the 7th over - 0 runs, 0 hits, 0 errors, 0 left on base; Chicago (APP) 0 - Philadelphia (APP) 20 |
BOTTOM OF THE 7TH |
Philadelphia (APP) Phillies batting - Pitching for Chicago (APP) Cubs : LHP Eddie Panagos
|
Batting: RHB Mike Bell
|
0-0: Ball 1-0: Ball 2-0: Swinging Strike 2-1: Ball 3-1: Foul Ball, location: 2F 3-2: Strikes out swinging
|
Batting: RHB Danny Habermehl
|
0-0: SOLO HOME RUN (Flyball, 7LD, EV 90.0 MPH), Distance : 335 ft
|
Batting: LHB Matt Urbanek
|
0-0: Ball 1-0: Ground out 6-3 (Groundball, 6D, EV 100.0 MPH)
|
Batting: RHB Gary Sampson
|
0-0: Ball 1-0: Foul Ball, location: 2F 1-1: Ball 2-1: Foul Ball, location: 2F 2-2: Ball 3-2: Base on Balls
|
Batting: RHB Juan Valadez
|
0-0: Called Strike 0-1: Foul Ball, location: 7LSF, Error on foul ball, E7 0-2: Ball 1-2: Foul Ball, location: 2F 1-2: Foul Ball, location: 2F 1-2: Fly out, F4 (Popup, 23, EV 86.9 MPH)
|
Bottom of the 7th over - 1 run, 1 hit, 1 error, 1 left on base; Chicago (APP) 0 - Philadelphia (APP) 21 |
TOP OF THE 8TH |
Chicago (APP) Cubs batting - Pitching for Philadelphia (APP) Phillies : LHP Chad Mroczkowski
|
Batting: RHB Dwight Bean
|
0-0: Ball 1-0: Ball 2-0: Foul Ball, location: 2F 2-1: Foul Ball, location: 2F 2-2: Foul Ball, location: 2F 2-2: Ball 3-2: SINGLE (Flyball, 78S, EV 86.2 MPH)
|
Batting: RHB Josh MacQueen
|
0-0: Sac Bunt to 3S - play at first, batter OUT! 3-1 Dwight Bean to second
|
Batting: SHB Anastagio Fasola
|
0-0: Ball 1-0: SINGLE (Line Drive, 3D, EV 103.1 MPH) Dwight Bean to third
|
Batting: LHB Ryan Masterson
|
0-0: Sac Bunt to 15S - play at first, batter OUT! 1-3 Anastagio Fasola to second
|
Pitching: LHP Ignacio Amaya
|
|
Batting: RHB Randy Schmitt
|
0-0: Ball 1-0: Ball 2-0: Swinging Strike 2-1: Foul Ball, location: 2F 2-2: Foul Ball, location: 2F 2-2: Foul Ball, location: 2F 2-2: Foul Ball, location: 2F 2-2: Ball 3-2: Base on Balls
|
Batting: RHB Jose Sanchez
|
0-0: Fielders Choice at 2nd, 6-4 (Groundball, 6, EV 90.0 MPH)
|
Top of the 8th over - 0 runs, 2 hits, 0 errors, 3 left on base; Chicago (APP) 0 - Philadelphia (APP) 21 |
BOTTOM OF THE 8TH |
Philadelphia (APP) Phillies batting - Pitching for Chicago (APP) Cubs : LHP Eddie Panagos
|
Batting: RHB Allen Deschamps
|
0-0: DOUBLE (Line Drive, 7LM, EV 99.4 MPH)
|
Batting: LHB Jonathan Roman
|
0-0: SINGLE (Groundball, 25, EV 69.4 MPH) (infield hit) Allen Deschamps to third
|
Batting: RHB Vaclav Been
|
0-0: Fly out, F7 (Line Drive, 7, EV 89.4 MPH)
|
Batting: SHB Marco de Leon
|
0-0: Ball 1-0: Fly out, F8 (Flyball, 8LS, EV 88.1 MPH)
|
Batting: RHB Mike Bell
|
0-0: Ball 1-0: Called Strike 1-1: Swinging Strike 1-2: Strikes out swinging
|
Bottom of the 8th over - 0 runs, 2 hits, 0 errors, 2 left on base; Chicago (APP) 0 - Philadelphia (APP) 21 |
TOP OF THE 9TH |
Chicago (APP) Cubs batting - Pitching for Philadelphia (APP) Phillies : LHP Ignacio Amaya
|
Batting: RHB Eddy Marcos
|
0-0: Ball 1-0: Called Strike 1-1: Foul Ball, location: 2F 1-2: Strikes out looking
|
Batting: RHB Carlos Zavala
|
0-0: Ball 1-0: Ball 2-0: Swinging Strike 2-1: Swinging Strike 2-2: Strikes out swinging
|
Pitching: RHP Josh Howell
|
|
Batting: RHB Dustin Buckner
|
0-0: Ball 1-0: Ball 2-0: Ball 3-0: Called Strike 3-1: Foul Ball, location: 2F 3-2: Base on Balls
|
Batting: RHB Dwight Bean
|
0-0: Ball 1-0: Fielders Choice at 2nd, 6-4 (Groundball, 56, EV 88.8 MPH)
|
Top of the 9th over - 0 runs, 0 hits, 0 errors, 1 left on base; Chicago (APP) 0 - Philadelphia (APP) 21 |
|